 Dungeon Crawl Stone Soup version 0.29-a0-380-gf50f0a9fbc (webtiles) character file.

Game seed: 1647768243998448358

105 Antichthon the Bolt Thrower (level 5, 0/61 HPs)
             Began as a Formicid Abyssal Knight on May 5, 2022.
             Was a Priest of Lugonu.
             Slain by an orc priest
             ... wielding a +0 short sword
              (2 damage)
             ... on level 3 of the Dungeon.
             The game lasted 00:02:20 (2145 turns).

Antichthon the Bolt Thrower (FoAK)                  Turns: 2145, Time: 00:02:21

Health: 0/61       AC: 22    Str: 17    XL:     5   Next: 8%
Magic:  6/6        EV:  2    Int: 10    God:    Lugonu [***...]
Gold:   52         SH:  0    Dex: 13    Spells: 4/4 levels left

rFire   . . .      SeeInvis .   a - +1 mace
rCold   . . .      Faith    .   (no shield)
rNeg    . . .      Spirit   .   (body armour currently unavailable)
rPois   +          Reflect  .   (helmet unavailable)
rElec   .          Harm     .   (cloak currently unavailable)
rCorr   .          Rampage  .   (gloves currently unavailable)
Will    .....                   (boots currently unavailable)
Stlth   +.........              (no amulet)
HPRegen 0.20/turn               (no ring)
MPRegen 0.10/turn               (no ring)

@: tree-form
A: stationary, stasis, torment immunity, boosted hp, permanent stasis, dig
shafts and tunnels, (antennae 3), four strong arms
a: Renounce Religion, Depart the Abyss, Bend Space, Banish


You were on level 3 of the Dungeon.
You worshipped Lugonu.
Lugonu was most pleased with you.
You were a tree.
You visited 1 branch of the dungeon, and saw 3 of its levels.
You visited the Abyss 1 time.

You collected 52 gold pieces.

Inventory:

Hand Weapons
 a - a +1 mace (weapon)
Armour
 d - a +0 ring mail (melded)
Scrolls
 b - a scroll of vulnerability
Potions
 c - a potion of lignification


   Skills:
 * Level 3.5 Fighting
 - Level 2.0 Maces & Flails
 * Level 3.6 Crossbows
 * Level 2.3 Armour
 * Level 1.0 Dodging
 * Level 0.3 Stealth
 * Level 0.6 Shields
 * Level 2.3 Invocations
 * Level 0.4 Evocations


You had 4 spell levels left.
You didn't know any spells.
Your spell library contained the following spells:

 Spells                   Type           Power      Damage    Failure   Level
 Sublimation of Blood     Necr           0%         N/A       50%         2
 Petrify                  Tmut/Erth      0%         N/A       98%         4
 Irradiate                Conj/Tmut      0%         3d13      100%        5


Dungeon Overview and Level Annotations

Branches:
Dungeon (3/15)

Altars:

Shops:
D:3 *


Innate Abilities, Weirdness & Mutations

You are a tree.
Your roots penetrate the ground, keeping you stationary.
You cannot be teleported.
You are immune to unholy pain and torment.
Your maximum health is greatly increased.
Your equipment is partially melded.
You cannot be hasted, slowed, berserked, paralysed or teleported.
You can dig through walls and to a lower floor.
((You have a pair of large antennae on your head. (SInv)))
Your four strong arms can wield two-handed weapons with a shield.


Message History

The orc is lightly wounded.
The orc barely misses you. The orc misses you.
You sock the orc!
You kill the orc!
Lugonu accepts your kill.
You hit the orc priest.
The orc priest is lightly wounded.
The orc priest hits you with a +0 short sword.
* * * LOW HITPOINT WARNING * * *
Unknown command.
You barely miss the orc priest.
The orc priest is lightly wounded.
The orc priest hits you but does no damage.
The orc priest closely misses you.
Unknown command.
You completely miss the orc priest.
The orc priest is lightly wounded.
The orc priest hits you with a +0 short sword.
* * * LOW HITPOINT WARNING * * *
Unknown command.
It was a potion of lignification.
You turn into a tree.
Your +0 ring mail melds into your body.
Your roots penetrate the ground.
The orc priest hits you but does no damage.
Unknown command.
You hit the orc priest.
The orc priest is moderately wounded.
The orc priest hits you but does no damage.
You barely miss the orc priest.
The orc priest is moderately wounded.
The orc priest hits you but does no damage.
You hit the orc priest but do no damage.
The orc priest is moderately wounded.
The orc priest hits you with a +0 short sword.
* * * LOW HITPOINT WARNING * * *
The orc priest hits you but does no damage.
Unknown command.
You hit the orc priest.
The orc priest is heavily wounded.
The orc priest hits you with a +0 short sword.
You die...

.)#.#####........#
..#.......#......##
#.#..####........<##
.#..# ##.........#.
##..# #............#
###..# #.......#+##.##
.....######......#
≈#..#
###............###.≈≈#
#
...............'♣o∩..+
################≈≈.###
##≈.# #+#


You could see an orc priest.

Vanquished Creatures
  An orc wizard (D:3)
  3 adders (D:2)
  2 worms
  A dart slug (D:2)
  3 orcs (D:3)
  2 endoplasms
  A giant cockroach (D:2)
  A goblin (D:2)
  4 hobgoblins
  5 jackals
  A kobold (D:2)
  5 ball pythons
  5 bats
  3 frilled lizards
  5 rats
42 creatures vanquished.

Vanquished Creatures (others)
  4 toadstools (D:1)
4 creatures vanquished.

Grand Total: 46 creatures vanquished

Notes
Turn   | Place    | Note
-------+----------+-------------------------------------------
     0 | Abyss:1  | Antichthon the Formicid Abyssal Knight began the quest for
                  | the Orb.
     0 | Abyss:1  | Reached XP level 1. HP: 18/18 MP: 2/2
    18 | D:1      | Escaped the Abyss
   125 | D:1      | Reached skill level 1 in Crossbows
   393 | D:1      | Reached XP level 2. HP: 19/24 MP: 3/3
  1210 | D:2      | Reached XP level 3. HP: 18/29 MP: 4/4
  1552 | D:2      | Reached *** piety under Lugonu
  1553 | D:2      | Reached XP level 4. HP: 34/35 MP: 5/5
  2112 | D:3      | Found Xuhuar's General Store.
  2136 | D:3      | Reached skill level 1 in Dodging
  2136 | D:3      | Reached XP level 5. HP: 8/41 MP: 6/6
  2140 | D:3      | HP: 1/41 [orc priest/+0 short sword (5)]
  2145 | D:3      | Slain by an orc priest

Illustrated notes

Levels and vault maps discovered:
D:1:      ldierk_walled_garden_2, layout_basic
D:2:      layout_rooms, grunt_decor_one_mirror
D:3:      minmay_goblin_kobold_castle, layout_loops_ring,
          nicolae_qazlal_style_of_elements, mainiacjoe_overflow_paths,
          serial_shops, nicolae_shop_hallway_plus, minmay_pentangle,
          uniq_crazy_yiuf_cottage

Skill      XL: |  1  2  3  4 |
---------------+-------------+-----
Crossbows      | 1 2 3 |  3.6
Dodging        | 1 |  1.0
Fighting       | |  3.5
Maces & Flails | |  2.0
Armour         | |  2.3
Stealth        | |  0.3
Shields        | |  0.6
Invocations    | |  2.3
Evocations     | |  0.4

Action                   |  1- 3 |  4- 6 || total
-------------------------+-------+-------++-------
Melee: Mace              |    74 |    80 ||   154
       Punch             |       |     1 ||     1
  Use: Scroll            |       |     5 ||     5
       Potion            |       |     2 ||     2
Armor: Ring mail         |    39 |    35 ||    74
       Leather armour    |     4 |       ||     4
       Skin              |       |     4 ||     4
Dodge: Dodged            |    57 |    52 ||   109

Table legend: (Time is in decaauts)
 A = Elapsed time spent in this place.
 B = Non-inter-level travel time spent in this place.
 C = Inter-level travel time spent in this place.
 D = Time resting spent in this place.
 E = Time spent auto-exploring this place.
 F = Levels seen in this place.
 G = Mean time per level.
                   A        B        C        D        E       F      G
               +--------+--------+--------+--------+--------+-----+--------+
         Total |   2193 |   2166 |     27 |     29 |   1727 |   4 |  548.2 |
       Dungeon |   2175 |   2148 |     27 |     29 |   1716 |   3 |  725.0 |
         Abyss |     18 |     18 |      0 |      0 |     11 |   1 |   18.0 |
               +--------+--------+--------+--------+--------+-----+--------+

Top non-repeatable levels by time:
     D:2: 1164 daAuts
     D:1: 822 daAuts
     D:3: 188 daAuts
 Abyss:1: 18 daAuts
